[Event "Titled Tuesday Blitz September 28 2021"]
[White "Dmitrenko, Viktor"]
[Black "Weetik, Vjacheslav"]
[WhiteFideId "14110270"]
[BlackFideId "4153472"]
[WhiteElo "2294"]
[BlackElo "2469"]
[Result "0-1"]
[Round "07"]
[TimeControl "180+1"]
[Date "2021.09.28"]
[WhiteClock "0:00:03"]
[BlackClock "0:00:06"]

1. e4 c6 2. c4 e5 3. Nf3 d6 4. d4 Nd7 5. Be2 Ngf6 6. Nc3 Be7 7. O-O O-O 8. Re1 a6 9. Rb1 b5 10. b4 Bb7 11. a4 bxc4 12. Bxc4 d5 13. exd5 cxd5 14. Bf1 e4 15. Nh4 g6 16. a5 h5 17. g3 Ng4 18. Ng2 f5 19. Nf4 Ndf6 20. Nxg6 Rf7 21. Na4 Rg7 22. Nf4 Qd6 23. Nc5 Bc8 24. b5 axb5 25. Rxb5 h4 26. Rb6 hxg3 27. fxg3 Qd8 28. Bd2 Qe8 29. Qb3 Kh7 30. a6 Nxh2 31. Kxh2 Ng4+ 32. Kg1 Bf6 33. Bc3 Bg5 34. Nxd5 Qh5 35. Qc2 f4 36. Qg2 f3 37. Qh3 f2+ 38. Kg2 Qxh3+ 39. Kxh3 fxe1=Q 40. Bxe1 Ne3+ 41. Kh2 Nxd5 42. Rc6 Bg4 43. Nxe4 Ne3 44. Bd3 Bf5 45. Nxg5+ Rxg5 46. Bd2 Rh5+ 47. Kg1 Bxd3 48. Bxe3 Rh1+ 49. Kxh1 Be4+ 50. Kg1 Bxc6 51. d5 Bxd5 52. a7 Kg6 53. Kf2 Kf5 54. Bb6 Ke4 55. g4 Rg8 56. Kg3 Be6 57. Bc7 Rxg4+ 58. Kf2 Bd5 59. Bb8 Kd3 60. Kf1 Rg2 61. Bc7 Ra2 62. Bb8 Ke3 63. Kg1 Kf3 0-1


[Site "https://www.chess.com"]

[Event "Titled Tuesday Blitz September 28 2021"]
[White "Drozdowski, Kacper"]
[Black "Savchenko, Boris"]
[WhiteFideId "1136720"]
[BlackFideId "4147332"]
[WhiteElo "2880"]
[BlackElo "2818"]
[Result "0-1"]
[Round "07"]
[TimeControl "180+1"]
[Date "2021.09.28"]
[WhiteClock "0:00:57"]
[BlackClock "0:02:15"]

1. e4 c5 2. Nf3 d6 3. d4 cxd4 4. Nxd4 Nf6 5. f3 g6 6. c4 Nc6 7. Nc3 Nxd4 8. Qxd4 Bg7 9. Be3 O-O 10. Qd2 Be6 11. Rc1 Nd7 12. b3 Nc5 13. Be2 a5 14. O-O Qb6 15. Rc2 Rfc8 16. Rb1 Qb4 17. Nb5 Qxd2 18. Rxd2 a4 19. b4 Nd7 20. Rc1 a3 21. Nd4 Ra4 22. Nxe6 fxe6 23. c5 Rxb4 24. Bc4 Kf7 25. Bb3 Nxc5 26. Bxc5 Rxc5 27. Rxc5 dxc5 28. Rc2 b5 0-1


[Site "https://www.chess.com"]

[Event "Titled Tuesday Blitz September 28 2021"]
[White "Dudzinski, Pawel"]
[Black "Jeet, Jain"]
[WhiteFideId "1117890"]
[BlackFideId "5073022"]
[WhiteElo "2193"]
[BlackElo "2085"]
[Result "1-0"]
[Round "07"]
[TimeControl "180+1"]
[Date "2021.09.28"]
[WhiteClock "0:00:13"]
[BlackClock "0:00:26"]

1. e4 e5 2. Nf3 Nc6 3. d4 exd4 4. Nxd4 Bc5 5. Be3 Qf6 6. c3 Nge7 7. g3 b6 8. Bg2 Bb7 9. O-O O-O-O 10. b4 Bxd4 11. cxd4 Nxb4 12. Nc3 Kb8 13. a3 Nbc6 14. e5 Qg6 15. f4 d6 16. d5 dxe5 17. Rc1 Nd4 18. fxe5 Ndf5 19. Bf4 Nxd5 20. Nxd5 Bxd5 21. Bxd5 Ne7 22. e6 Rxd5 23. Rxc7 Rxd1 24. Rxe7+ Ka8 25. Rxd1 fxe6 26. Rdd7 Qb1+ 27. Kg2 Qb2+ 28. Kh3 Qxa3 29. Rxg7 h5 30. Be5 Qa4 31. Rxa7+ Qxa7 32. Rxa7+ Kxa7 33. Bxh8 b5 34. Kh4 Kb6 35. Kxh5 Kc5 36. Kg6 Kd6 1-0


[Site "https://www.chess.com"]

[Event "Titled Tuesday Blitz September 28 2021"]
[White "Eynullayev, Atilla"]
[Black "Cunha, Lucas Aguiar"]
[WhiteFideId "13413570"]
[BlackFideId "2125404"]
[WhiteElo "1997"]
[BlackElo "2361"]
[Result "0-1"]
[Round "07"]
[TimeControl "180+1"]
[Date "2021.09.28"]
[WhiteClock "0:01:28"]
[BlackClock "0:03:03"]

1. Nf3 d5 2. g3 c5 3. Bg2 Nc6 4. d4 Nf6 5. O-O e6 6. c4 dxc4 7. Qa4 cxd4 8. Nxd4 Qxd4 9. Bxc6+ bxc6 10. Qxc6+ Qd7 11. Qxa8 Bc5 12. Nc3 O-O 13. Rd1 Qc7 14. Bf4 e5 15. Nb5 Qb6 0-1


[Site "https://www.chess.com"]

[Event "Titled Tuesday Blitz September 28 2021"]
[White "Gaehwiler, Gabriel"]
[Black "Garv Gaur"]
[WhiteFideId "1314530"]
[BlackFideId "45030839"]
[WhiteElo "2320"]
[BlackElo "1950"]
[Result "1-0"]
[Round "07"]
[TimeControl "180+1"]
[Date "2021.09.28"]
[WhiteClock "0:02:42"]
[BlackClock "0:02:43"]

1. Nf3 d5 2. c4 e6 3. e3 Nf6 4. Nc3 Be7 5. b3 O-O 6. Bb2 b6 7. Be2 Bb7 8. d4 Nbd7 9. cxd5 exd5 10. O-O c5 11. Ne5 Nxe5 12. dxe5 Ne4 13. Nxe4 dxe4 14. Qc2 Qc7 15. Bc4 Rad8 16. Rad1 a6 17. e6 f5 18. Rd7 Rxd7 19. exd7+ Kh8 20. Rd1 Rd8 21. Qc3 Bf6 22. Qxf6 1-0


[Site "https://www.chess.com"]

[Event "Titled Tuesday Blitz September 28 2021"]
[White "Gallego Alcaraz, Andres Felipe"]
[Black "Vusatiuk, Vladimir"]
[WhiteFideId "4402669"]
[BlackFideId "14118610"]
[WhiteElo "2394"]
[BlackElo "2167"]
[Result "1-0"]
[Round "07"]
[TimeControl "180+1"]
[Date "2021.09.28"]
[WhiteClock "0:00:43"]
[BlackClock "0:00:15"]

1. Nf3 Nf6 2. g3 d5 3. Bg2 c6 4. c4 dxc4 5. O-O Nbd7 6. Qc2 e5 7. Qxc4 Bd6 8. d3 O-O 9. Nbd2 Qe7 10. b3 Nb6 11. Qc2 Bf5 12. Nh4 Be6 13. Bb2 a5 14. Nc4 Nxc4 15. bxc4 Nd7 16. Rab1 f6 17. Nf3 Rab8 18. Nd2 Rfc8 19. Bc3 Bb4 20. Nb3 Bxc3 21. Qxc3 a4 22. Nd2 b5 23. a3 Nb6 24. Rfc1 bxc4 25. dxc4 Bf5 26. Rb4 c5 27. Rb5 Bd7 28. Rb2 Bc6 29. Bxc6 Rxc6 30. Rcb1 Qa7 31. Qc2 Nd7 32. Rxb8+ Nxb8 33. Ne4 Rb6 34. Rd1 Nd7 35. Qd3 Nf8 36. Nxc5 Rb2 37. Qd5+ Kh8 38. Ne6 Rxe2 39. c5 Qf7 40. Nxf8 Qxf8 41. c6 Rc2 42. Qd8 Kg8 43. c7 Kf7 44. Qxf8+ Kxf8 45. Rd8+ Ke7 46. c8=Q 1-0


[Site "https://www.chess.com"]

[Event "Titled Tuesday Blitz September 28 2021"]
[White "Garcia Garcia, Alejandro"]
[Black "Quintiliano Pinto, Renato R."]
[WhiteFideId "3516334"]
[BlackFideId "2117568"]
[WhiteElo "2131"]
[BlackElo "2439"]
[Result "0-1"]
[Round "07"]
[TimeControl "180+1"]
[Date "2021.09.28"]
[WhiteClock "0:00:39"]
[BlackClock "0:00:18"]

1. Nf3 Nf6 2. g3 d5 3. Bg2 e6 4. O-O Be7 5. c4 O-O 6. cxd5 exd5 7. d3 c6 8. Nc3 Bg4 9. e4 Re8 10. h3 Bh5 11. e5 Nfd7 12. d4 Na6 13. Be3 Nc7 14. Qd2 Ne6 15. Nh2 Nb6 16. b3 f5 17. f4 Rf8 18. g4 Bg6 19. Rac1 Qd7 20. Ne2 Ba3 21. Rcd1 a5 22. Ng3 a4 23. Bf3 axb3 24. axb3 Be7 25. gxf5 Bxf5 26. Nxf5 Rxf5 27. Bg4 Raf8 28. Bxf5 Rxf5 29. Rf2 Bh4 30. Rg2 Qf7 31. Rf1 Nd7 32. Rg4 Bd8 33. Rf2 Ndf8 34. Nf3 Qh5 35. Rg3 Ng6 36. Ng5 Bxg5 37. fxg5 Nh4 38. Rxf5 Nxf5 39. Rg2 Qxh3 40. Kf2 Qh4+ 41. Kf3 Qe4+ 42. Kf2 Nexd4 43. Bxd4 Nxd4 44. Qe3 Qc2+ 45. Kg3 Nf5+ 46. Kf4 Nxe3 47. Rxc2 Nxc2 48. e6 Kf8 49. Ke5 Ke7 50. g6 hxg6 0-1


[Site "https://www.chess.com"]

[Event "Titled Tuesday Blitz September 28 2021"]
[White "Gasanov, Zaur"]
[Black "Dzhaparov, Medet"]
[WhiteFideId "34125970"]
[BlackFideId "13803689"]
[WhiteElo "2099"]
[BlackElo "1702"]
[Result "1-0"]
[Round "07"]
[TimeControl "180+1"]
[Date "2021.09.28"]
[WhiteClock "0:00:55"]
[BlackClock "0:00:09"]

1. d4 Nf6 2. Nf3 g6 3. Bf4 Bg7 4. e3 O-O 5. h3 d6 6. Be2 Nbd7 7. O-O Qe8 8. Bh2 e5 9. c4 e4 10. Nfd2 h5 11. Nc3 Qe7 12. Qc2 Re8 13. Nb5 Nf8 14. c5 dxc5 15. Nxc7 cxd4 16. Nxe8 Qxe8 17. exd4 Bf5 18. Qb3 Ne6 19. Be5 Rd8 20. Nc4 Nxd4 21. Bxd4 Rxd4 22. Ne3 Be6 23. Qxb7 Nd5 24. Rad1 Nf4 25. Bb5 Qd8 26. Qxa7 Rxd1 27. Rxd1 Qg5 28. Qb6 Bxh3 29. Qd8+ Qxd8 30. Rxd8+ Kh7 31. gxh3 Bxb2 32. Bc4 Nxh3+ 33. Kf1 f5 34. a4 f4 35. Nd5 g5 36. a5 g4 37. a6 e3 38. a7 1-0


[Site "https://www.chess.com"]

[Event "Titled Tuesday Blitz September 28 2021"]
[White "Golubev, Mikhail"]
[Black "Rozman, Levy"]
[WhiteFideId "14100983"]
[BlackFideId "2039877"]
[WhiteElo "2374"]
[BlackElo "2376"]
[Result "0-1"]
[Round "07"]
[TimeControl "180+1"]
[Date "2021.09.28"]
[WhiteClock "0:00:42"]
[BlackClock "0:00:55"]

1. e4 c6 2. d4 d5 3. e5 Bf5 4. h4 Qc8 5. Ne2 h5 6. Ng3 Bg6 7. Be2 c5 8. dxc5 e6 9. Nxh5 Bxh5 10. Bxh5 Bxc5 11. c3 Nc6 12. Bf4 Qc7 13. Qe2 O-O-O 14. Bg3 Nh6 15. Bg4 Nxg4 16. Qxg4 Nxe5 17. Qxg7 Bd6 18. Bxe5 Bxe5 19. Qg4 d4 20. O-O Rdg8 21. Qh3 Qe7 22. cxd4 Rxh4 23. Qc3+ Bc7 24. Nd2 Kb8 25. Rac1 Bh2+ 26. Kh1 Bg3+ 0-1


[Site "https://www.chess.com"]

[Event "Titled Tuesday Blitz September 28 2021"]
[White "Gracia Alvarez, Gerardo Antonio"]
[Black "Madaminov, Mukhiddin"]
[WhiteFideId "5109124"]
[BlackFideId "14210703"]
[WhiteElo "2148"]
[BlackElo "1855"]
[Result "1-0"]
[Round "07"]
[TimeControl "180+1"]
[Date "2021.09.28"]
[WhiteClock "0:00:07"]
[BlackClock "0:00:02"]

1. e4 e5 2. Nf3 Nc6 3. Nc3 Nf6 4. d4 exd4 5. Nxd4 Bb4 6. Nxc6 bxc6 7. Bd3 d5 8. Bd2 O-O 9. O-O Re8 10. Re1 dxe4 11. Nxe4 Rxe4 12. Rxe4 Bxd2 13. Re1 Bg5 14. Bxh7+ Nxh7 15. Qxd8+ Bxd8 16. Re8+ Nf8 17. Rxd8 Bb7 18. Rad1 c5 19. Rxa8 Bxa8 20. Rd8 Be4 21. c3 a5 22. f3 Bb1 23. a3 a4 24. Rc8 Bc2 25. Kf2 g6 26. Ke3 Kg7 27. Rxc7 Ne6 28. Ra7 Kf6 29. g3 c4 30. Ra5 g5 31. h4 gxh4 32. gxh4 Bb3 33. h5 Kg7 34. f4 Bc2 35. f5 Ng5 36. Kf4 f6 37. Ra6 Ne4 38. Rc6 Bd3 39. Ra6 Nc5 40. Ra5 Nb3 41. Rxa4 Kh6 42. Ra6 Kg7 43. h6+ Kxh6 44. Rxf6+ Kg7 45. Rb6 Kf7 46. a4 Nc5 47. a5 1-0


[Site "https://www.chess.com"]

[Event "Titled Tuesday Blitz September 28 2021"]
[White "Gritsenko, Nikolai"]
[Black "Sadykov, Ramil"]
[WhiteFideId "14112493"]
[BlackFideId "24113590"]
[WhiteElo "2389"]
[BlackElo "2300"]
[Result "1/2-1/2"]
[Round "07"]
[TimeControl "180+1"]
[Date "2021.09.28"]
[WhiteClock "0:00:06"]
[BlackClock "0:00:06"]

1. d4 d5 2. c4 e6 3. Nc3 Be7 4. Nf3 Nf6 5. Bg5 O-O 6. Qc2 c5 7. cxd5 cxd4 8. Nxd4 Nxd5 9. Bxe7 Nxe7 10. Rd1 Qa5 11. e3 Nbc6 12. Be2 Nxd4 13. Rxd4 e5 14. Ra4 Qb6 15. O-O Bf5 16. Qc1 Rac8 17. Ra3 Be6 18. Rd1 a6 19. h3 Rfd8 20. Rxd8+ Qxd8 21. Qd1 Qxd1+ 22. Bxd1 Nd5 23. Kf1 Nxc3 24. bxc3 Kf8 25. Ke1 Ke7 26. Kd2 Kd6 27. Bb3 Bc4 28. Ra4 Bd5 29. Rh4 h6 30. f4 Bxg2 31. Rg4 Bd5 32. Rxg7 exf4 33. exf4 Rc7 34. Rh7 Bxb3 35. axb3 Ke6 36. Rxh6+ Kf5 37. Rh4 Ke4 38. c4 b5 39. Kc3 bxc4 40. bxc4 f5 41. Kb4 a5+ 42. Kb5 a4 43. Rh8 Kxf4 44. Ra8 Kg3 45. Rxa4 f4 46. Kb6 Rc8 47. c5 f3 48. Ra3 Rf8 49. c6 Kxh3 50. c7 Kg2 51. Rxf3 Kxf3 52. Kb7 Rf7 53. Kb8 Rxc7 54. Kxc7 1/2-1/2


[Site "https://www.chess.com"]

[Event "Titled Tuesday Blitz September 28 2021"]
[White "Hansen, Eric"]
[Black "Rosen, Eric"]
[WhiteFideId "2606771"]
[BlackFideId "2032562"]
[WhiteElo "2568"]
[BlackElo "2362"]
[Result "1-0"]
[Round "07"]
[TimeControl "180+1"]
[Date "2021.09.28"]
[WhiteClock "0:01:37"]
[BlackClock "0:00:03"]

1. Nf3 Nf6 2. g3 d5 3. Bg2 e6 4. O-O Be7 5. c4 d4 6. b4 c5 7. bxc5 Nc6 8. d3 e5 9. Nbd2 Nd7 10. Nb3 Nxc5 11. Nxc5 Bxc5 12. Qa4 O-O 13. Ba3 Bxa3 14. Qxa3 Qc7 15. Rab1 Bf5 16. Rb5 a6 17. Rb2 Rfb8 18. Rfb1 b5 19. Qc5 Rc8 20. cxb5 axb5 21. Nxe5 Qxe5 22. Qxe5 Nxe5 23. Bxa8 Rxa8 24. Rxb5 Re8 25. Rxe5 Rxe5 26. Rb8+ Re8 27. Rxe8# 1-0


[Site "https://www.chess.com"]

[Event "Titled Tuesday Blitz September 28 2021"]
[White "Hess, Robert"]
[Black "Stoyanov, Tsvetan"]
[WhiteFideId "2022036"]
[BlackFideId "2917173"]
[WhiteElo "2557"]
[BlackElo "2191"]
[Result "1-0"]
[Round "07"]
[TimeControl "180+1"]
[Date "2021.09.28"]
[WhiteClock "0:00:15"]
[BlackClock "0:00:07"]

1. b3 a5 2. c4 Nf6 3. Nc3 e6 4. Bb2 d5 5. e3 b6 6. Nf3 Bb7 7. Rc1 Nbd7 8. cxd5 exd5 9. Bd3 c6 10. O-O Bd6 11. Nd4 O-O 12. Nf5 Ne5 13. Bb1 Ba6 14. Ne2 Nd3 15. Bxd3 Bxd3 16. Ned4 Bxf1 17. Nxc6 Qd7 18. Qf3 Ne4 19. Qg4 f6 20. Nh6+ 1-0


[Site "https://www.chess.com"]

[Event "Titled Tuesday Blitz September 28 2021"]
[White "Holt, Conrad"]
[Black "Babazada, Khazar"]
[WhiteFideId "2034387"]
[BlackFideId "13413554"]
[WhiteElo "2870"]
[BlackElo "2787"]
[Result "1-0"]
[Round "07"]
[TimeControl "180+1"]
[Date "2021.09.28"]
[WhiteClock "0:00:07"]
[BlackClock "0:00:01"]

1. d4 d5 2. c4 e6 3. Nc3 Nf6 4. cxd5 exd5 5. Bg5 Be7 6. e3 c6 7. Qc2 Be6 8. Bd3 Nbd7 9. Nge2 h6 10. Bh4 O-O 11. O-O c5 12. Nf4 Rc8 13. Qe2 a6 14. Rad1 Qb6 15. Bb1 Rfe8 16. dxc5 Qxc5 17. Nxe6 fxe6 18. e4 d4 19. e5 Nxe5 20. Ne4 Nxe4 21. Bxe7 Rxe7 22. Qxe4 Rd8 23. Rfe1 Nf7 24. Qh7+ Kf8 25. Bd3 Rd5 26. Rc1 Qa5 27. Rc8+ Rd8 28. Rec1 Ree8 29. R8c7 Re7 30. Rxe7 Kxe7 31. Qxg7 Qe5 32. Qg4 Rd7 33. h4 h5 34. Qf3 Qf6 35. Qxh5 Ne5 36. Bf1 d3 37. Rd1 Qg7 38. Qg5+ Qxg5 39. hxg5 d2 40. f3 Rd5 41. Kf2 Nc6 42. Ke3 Rxg5 43. Rxd2 Re5+ 44. Kf2 b5 45. a3 Rc5 46. Bd3 Kf6 47. Be4 Ne5 48. Kg3 Rc1 49. Rd6 Nc4 50. Rxa6 Nxb2 51. Bd5 Re1 52. Bc6 Re5 53. Bd7 Nc4 54. Kf2 Ke7 55. Bc6 Kd8 56. Be4 Rc5 57. g4 Ke7 58. Ra7+ Kf6 59. Kg3 Nd6 60. Bd3 Rc3 61. Be2 Ke5 62. Kf2 Rc2 63. Ke1 Rc1+ 64. Kd2 Ra1 65. Ra5 Ra2+ 66. Ke1 Ra1+ 67. Kf2 Ra2 68. Kf1 Ra1+ 69. Kf2 Ra2 70. Ke3 Rb2 71. f4+ Kd5 72. Bf3+ Kc5 73. Ra6 Rb3+ 74. Ke2 Rb2+ 75. Kf1 Rb3 76. Rc6+ Kd4 77. Rxd6+ Ke3 78. Bd1 Kxf4 79. Rxe6 Rxa3 80. Rf6+ Kg3 81. g5 Kh4 82. g6 Rg3 83. Rf4+ Kg5 84. Rb4 Kxg6 85. Rxb5 Re3 86. Kf2 Re6 87. Bg4 Rf6+ 88. Ke3 Rd6 89. Ke4 Kf6 90. Rh5 Ke7 91. Ke5 Rd1 92. Rh7+ Kd8 93. Bf3 Re1+ 94. Kd6 Ra1 95. Bd5 Ra6+ 96. Bc6 1-0


[Site "https://www.chess.com"]

[Event "Titled Tuesday Blitz September 28 2021"]
[White "Horak, Martin"]
[Black "Gontcharov, Vladislav"]
[WhiteFideId "367095"]
[BlackFideId "4123492"]
[WhiteElo "1997"]
[BlackElo "2503"]
[Result "0-1"]
[Round "07"]
[TimeControl "180+1"]
[Date "2021.09.28"]
[WhiteClock "0:00:03"]
[BlackClock "0:00:50"]

1. e4 e6 2. d4 d5 3. Nd2 Be7 4. Bd3 c5 5. dxc5 Nf6 6. Qe2 a5 7. Ngf3 Na6 8. e5 Nd7 9. O-O Ndxc5 10. Re1 O-O 11. Bb5 Nc7 12. a4 b6 13. b3 Nxb5 14. axb5 Bb7 15. Nd4 Qc7 16. N2f3 Ne4 17. Bb2 Bb4 18. Rec1 Nc3 19. Qe3 Rfc8 20. Ne1 Qc5 21. Nd3 Qxd4 22. Qxd4 Ne2+ 23. Kf1 Nxd4 24. Bxd4 Bc3 25. Bxc3 Rxc3 26. Ke2 d4 27. f3 Rac8 28. Kd2 Rd8 29. Ra4 Rd5 30. Rc4 Rxb5 31. Rxc3 dxc3+ 32. Kxc3 Kf8 33. Kd4 Ke7 34. Rd1 f6 35. f4 Rd5+ 36. Kc3 fxe5 37. fxe5 Ba6 38. Re1 Bxd3 39. cxd3 Rc5+ 40. Kd4 Rb5 41. Kc4 Rb4+ 42. Kc3 Rg4 43. g3 h5 44. d4 h4 45. Re3 h3 46. Kc4 Kd7 47. Rf3 Kc6 0-1


[Site "https://www.chess.com"]

[Event "Titled Tuesday Blitz September 28 2021"]
[White "Jobava, Baadur"]
[Black "Omariev, Maksim"]
[WhiteFideId "13601520"]
[BlackFideId "4193423"]
[WhiteElo "2731"]
[BlackElo "2465"]
[Result "1-0"]
[Round "07"]
[TimeControl "180+1"]
[Date "2021.09.28"]
[WhiteClock "0:02:50"]
[BlackClock "0:02:18"]

1. e4 c5 2. d4 cxd4 3. c3 dxc3 4. Nxc3 Nc6 5. Nf3 e6 6. Bc4 a6 7. O-O Nge7 8. Bg5 f6 9. Be3 Ng6 10. Qe2 b5 11. Bb3 Be7 12. Rfd1 Qc7 13. Rac1 O-O 14. Nd5 e5 15. Nxc7+ 1-0


[Site "https://www.chess.com"]

[Event "Titled Tuesday Blitz September 28 2021"]
[White "Kollars, Dmitrij"]
[Black "Lysyj, Igor"]
[WhiteFideId "12909572"]
[BlackFideId "4150120"]
[WhiteElo "2918"]
[BlackElo "2835"]
[Result "0-1"]
[Round "07"]
[TimeControl "180+1"]
[Date "2021.09.28"]
[WhiteClock "0:00:04"]
[BlackClock "0:00:25"]

1. e4 e5 2. Nf3 Nc6 3. Nc3 Nf6 4. d4 exd4 5. Nxd4 Bb4 6. Nxc6 bxc6 7. Bd3 O-O 8. O-O d5 9. Bd2 Bxc3 10. Bxc3 dxe4 11. Bxf6 Qxf6 12. Bxe4 Qxb2 13. Bxc6 Rb8 14. Rb1 Qxb1 15. Qxb1 Rxb1 16. Rxb1 Rd8 17. h3 Kf8 18. Rb3 Ke7 19. Be4 Rd4 20. f3 Ra4 21. a3 Be6 22. Rc3 Rc4 23. Re3 h6 24. Kf2 g5 25. Ke1 a5 26. Kd2 Rd4+ 27. Kc1 Kd6 28. c3 Rc4 29. Kb2 f5 30. Bc2 Rc5 31. Bb3 Bd7 32. Rd3+ Ke7 33. Re3+ Kd6 34. Rd3+ Ke7 35. Re3+ Kf6 36. Rd3 Bc6 37. Rd8 Re5 38. Bc4 h5 39. Rc8 Re7 40. Bd3 Ke5 41. Rf8 Bd7 42. g3 h4 43. gxh4 gxh4 44. Rh8 Kf4 45. Rxh4+ Kxf3 46. Rh5 f4 47. Rxa5 Ke3 48. Bc4 f3 0-1


[Site "https://www.chess.com"]

[Event "Titled Tuesday Blitz September 28 2021"]
[White "Korobov, Anton"]
[Black "Perez Ponsa, Federico"]
[WhiteFideId "14105730"]
[BlackFideId "117927"]
[WhiteElo "2983"]
[BlackElo "2853"]
[Result "0-1"]
[Round "07"]
[TimeControl "180+1"]
[Date "2021.09.28"]
[WhiteClock "0:00:20"]
[BlackClock "0:00:51"]

1. d4 Nf6 2. c4 e6 3. Nc3 Bb4 4. e3 O-O 5. Bd3 d5 6. a3 Bxc3+ 7. bxc3 dxc4 8. Bxc4 c5 9. Nf3 Qc7 10. Ba2 b6 11. O-O Bb7 12. Nd2 Nbd7 13. Bb2 Rac8 14. f3 Nd5 15. Qe1 cxd4 16. cxd4 Qc2 17. Rb1 Qd3 18. Bxd5 exd5 19. Rf2 Rfe8 20. Nf1 Ba6 21. Rc1 Nf6 22. Rxc8 Rxc8 23. Ng3 Re8 24. Bc1 Qxd4 25. Nf5 Qe5 26. g4 g6 27. Bb2 Qe6 28. Nh6+ Kf8 29. Qb4+ Re7 30. Qd4 Bc4 31. g5 Re8 32. Qxf6 Qxf6 33. Bxf6 Rxe3 34. a4 Ra3 35. f4 Rxa4 36. f5 Ra2 37. fxg6 hxg6 38. Bb2 d4 39. Bxd4 Rxf2 40. Kxf2 Be6 41. Ke3 Ke7 42. Kf4 Kd6 43. Ng8 Kd5 44. Ke3 Kc6 45. Ke4 a5 46. Ke5 b5 47. Ne7+ Kd7 48. Nd5 b4 49. Be3 Kc6 50. Ne7+ Kd7 51. Nd5 Kc6 52. Nf4 Bc4 53. Bd2 Kb5 54. Nd5 Bxd5 55. Kxd5 a4 56. Kd4 a3 57. Kd3 a2 0-1


[Site "https://www.chess.com"]

[Event "Titled Tuesday Blitz September 28 2021"]
[White "Kovalchuk94"]
[Black "Indjic, Aleksandar"]
[BlackFideId "911925"]
[WhiteElo "2683"]
[BlackElo "2643"]
[Result "0-1"]
[Round "07"]
[TimeControl "180+1"]
[Date "2021.09.28"]
[WhiteClock "0:00:09"]
[BlackClock "0:00:54"]

1. d4 d5 2. c4 c5 3. cxd5 Qxd5 4. Nf3 cxd4 5. Nc3 Qa5 6. Nxd4 Nf6 7. Nb3 Qc7 8. Bg5 e6 9. Rc1 Nc6 10. e3 a6 11. Be2 Be7 12. O-O O-O 13. Bh4 Bd6 14. Bxf6 gxf6 15. g3 Rd8 16. Qc2 Qe7 17. Rfd1 f5 18. Bf3 Bd7 19. Nd4 Rac8 20. Nxc6 Bxc6 21. Bxc6 Rxc6 22. Rd3 Be5 23. Rcd1 Rxd3 24. Rxd3 Kg7 25. Qd2 Rc7 26. Ne2 Qc5 27. Nd4 Qc1+ 28. Kg2 Qxd2 29. Rxd2 Kf8 30. b3 Ke7 31. Kf3 Rd7 32. Ke2 Bxd4 33. Rxd4 Rxd4 34. exd4 Kd6 35. Kd3 Kd5 36. b4 f6 37. f4 b6 38. h3 Kc6 39. a4 b5 40. a5 Kd6 41. g4 fxg4 42. hxg4 f5 43. g5 Kd5 44. Ke3 Kc4 45. Kf3 Kxb4 46. Kg3 Kc4 47. Kh4 b4 48. Kh5 b3 49. Kh6 b2 50. g6 hxg6 0-1


[Site "https://www.chess.com"]

[Event "Titled Tuesday Blitz September 28 2021"]
[White "Kovalev, Vladislav"]
[Black "Assaubayeva, Bibisara"]
[WhiteFideId "13504398"]
[BlackFideId "13708694"]
[WhiteElo "2573"]
[BlackElo "2232"]
[Result "1/2-1/2"]
[Round "07"]
[TimeControl "180+1"]
[Date "2021.09.28"]
[WhiteClock "0:00:08"]
[BlackClock "0:00:28"]

1. e4 c5 2. Nf3 d6 3. d4 cxd4 4. Nxd4 Nf6 5. Nc3 a6 6. Rg1 b5 7. g4 Bb7 8. g5 Nxe4 9. Nxe4 Bxe4 10. a4 Nd7 11. axb5 axb5 12. Rxa8 Qxa8 13. Bxb5 e6 14. Nxe6 fxe6 15. c3 Bf3 16. Qb3 Qe4+ 17. Be3 Be7 18. Kd2 Qd5+ 19. Qxd5 Bxd5 20. Ra1 e5 21. Ra7 Be6 22. c4 Rf8 23. b4 d5 24. cxd5 Bxb4+ 25. Kd3 Bf5+ 26. Kc4 Bd6 27. Ra6 Ke7 28. Bxd7 Bxd7 29. Rxd6 Rf4+ 30. Bxf4 Kxd6 31. Bd2 Bh3 32. Bb4+ Kd7 33. Kc5 g6 34. Bc3 e4 35. Kd4 Bg2 36. Ke5 Bf3 37. Bb4 Ke8 38. Kf6 e3 39. fxe3 Bxd5 40. Kg7 Bf3 41. Kxh7 Kf7 42. Kh6 Be4 43. Bc3 Bf3 44. Bd4 Be4 45. h4 Bf3 46. Kh7 Be4 47. Kh6 Bf3 48. e4 Bxe4 49. h5 gxh5 50. Kxh5 Bg6+ 51. Kh6 Be4 52. g6+ Bxg6 1/2-1/2


[Site "https://www.chess.com"]

[Event "Titled Tuesday Blitz September 28 2021"]
[White "Kovanova, Baira"]
[Black "Lukovic, Vladimir"]
[WhiteFideId "4164083"]
[BlackFideId "942952"]
[WhiteElo "2187"]
[BlackElo "2436"]
[Result "0-1"]
[Round "07"]
[TimeControl "180+1"]
[Date "2021.09.28"]
[WhiteClock "0:00:01"]
[BlackClock "0:00:03"]

1. e4 e5 2. Nf3 Nc6 3. Bb5 a6 4. Ba4 Nf6 5. d3 b5 6. Bb3 Be7 7. a4 b4 8. O-O d6 9. a5 O-O 10. h3 Kh8 11. Nbd2 Rb8 12. Nc4 Nd7 13. Ne3 Nc5 14. Bd5 Nd4 15. Nxd4 exd4 16. Nf5 Bxf5 17. exf5 b3 18. Bf4 Qd7 19. g4 c6 20. Bg2 Bf6 21. Qd2 h6 22. Bxh6 bxc2 23. Bxg7+ Bxg7 24. f6 Bxf6 25. Qh6+ Kg8 26. Qxf6 Qe6 27. Qf4 Nxd3 28. Qxd4 Rb3 29. Be4 c1=Q 30. Raxc1 Nxc1 31. Rxc1 Rxh3 32. Bg2 Rh4 33. Bf3 d5 34. Qf4 Re8 35. Qg5+ Qg6 36. Qxh4 Kg7 37. Qg3 Re6 38. Rd1 Qg5 39. Kg2 Rh6 40. Re1 Rf6 41. Re5 Qg6 42. Re8 Qh6 43. Qe5 Kh7 44. g5 Qg7 45. Qxf6 Qg6 0-1


[Site "https://www.chess.com"]

[Event "Titled Tuesday Blitz September 28 2021"]
[White "Krysa, Leandro"]
[Black "Yakubboev, Nodirbek"]
[WhiteFideId "116807"]
[BlackFideId "14203987"]
[WhiteElo "2490"]
[BlackElo "2464"]
[Result "0-1"]
[Round "07"]
[TimeControl "180+1"]
[Date "2021.09.28"]
[WhiteClock "0:00:02"]
[BlackClock "0:00:10"]

1. e4 c6 2. d4 d5 3. Nd2 dxe4 4. Nxe4 Nf6 5. Nxf6+ exf6 6. Bd3 Bd6 7. Qh5 Nd7 8. Ne2 Nf8 9. c3 Ng6 10. O-O Be6 11. Be3 Qd7 12. h3 f5 13. Rfe1 O-O 14. a3 a5 15. c4 Bc7 16. c5 Rfe8 17. g3 Ne5 18. Nf4 Nxd3 19. Nxd3 Bc4 20. Nf4 Re4 21. Bd2 Rae8 22. Rxe4 Rxe4 23. Re1 g6 24. Qg5 Bd8 25. Qh6 Bf6 26. Rxe4 fxe4 27. Be3 Bg7 28. Qg5 h6 29. Qg4 Qxg4 30. hxg4 a4 31. Kg2 Kf8 32. f3 exf3+ 33. Kxf3 Ke7 34. Ke4 g5 35. Nh5 Bh8 36. Bd2 Ke6 37. Ke3 Kd5 38. Bc3 Bb3 39. Kd3 Bd1 40. Ke3 Bxg4 0-1


[Site "https://www.chess.com"]

[Event "Titled Tuesday Blitz September 28 2021"]
[White "Lashkin, Jegor"]
[Black "Iskusnyh, Sergei"]
[WhiteFideId "13907808"]
[BlackFideId "4120027"]
[WhiteElo "2293"]
[BlackElo "2492"]
[Result "1-0"]
[Round "07"]
[TimeControl "180+1"]
[Date "2021.09.28"]
[WhiteClock "0:01:04"]
[BlackClock "0:00:01"]

1. a3 d5 2. Nf3 Nf6 3. e3 Bf5 4. d4 e6 5. Bd3 Bd6 6. O-O Nbd7 7. c4 c6 8. Nc3 Ne4 9. Qc2 Ndf6 10. Ne2 Bg6 11. b4 O-O 12. Bb2 Rc8 13. Ne5 Bxe5 14. dxe5 Nd7 15. f3 Ng5 16. h4 dxc4 17. Bxg6 fxg6 18. hxg5 Qxg5 19. f4 Qg4 20. Qxc4 Rfd8 21. Nd4 Nf8 22. Rad1 Rd5 23. Qe2 Qh4 24. e4 Rd7 25. Qf2 Qg4 26. Qf3 Qh4 27. Qh3 Qe7 28. Nb3 Rcd8 29. Qf3 b6 30. Rxd7 Qxd7 31. f5 gxf5 32. exf5 exf5 33. Nd4 g6 34. e6 Qd6 35. Nxf5 gxf5 36. Qxf5 1-0


[Site "https://www.chess.com"]